 Dungeon Crawl Stone Soup version 0.26-a0-259-g1effd001a9 (webtiles) character file.

Game seed: 2305668861468244183

399852 tilp the Anointer (level 24, -7/169 HPs)
             Began as a Halfling Skald on July 27, 2020.
             Was a High Priest of Okawaru.
             Collided with a rock wall (20 damage)
             ... caused by a rakshasa
             ... on level 1 of the Depths.
             The game lasted 03:15:31 (79145 turns).

tilp the Anointer (Halfling Skald)                 Turns: 79145, Time: 03:15:31

Health: -7/169     AC: 32    Str: 12    XL:     24   Next: 1%
Magic:  0/33       EV: 32    Int: 17    God:    Okawaru [*****.]
Gold:   1490       SH: 10    Dex: 21    Spells: 29/43 levels left

rFire    + . .     SeeInvis .   b - +5 scimitar (flame)
rCold    + . .     Faith    .   Q - +3 buckler {AC+3}
rNeg     . . .     Spirit   +   L - +3 leather armour {MR+}
rPois    .         Reflect  .   E - +1 helmet of the Pit {Int+2}
rElec    +         Harm     .   B - +1 cloak of Starlight {rElec rC+ EV+4 Stlth--}
rCorr    .                      X - +2 pair of gloves {archery}
MR       ++...                  T - +2 pair of boots
Stlth    +++.......             K - amulet of guardian spirit
HPRegen  0.38/turn              m - +4 ring of protection
MPRegen  0.23/turn              R - ring of protection from fire

@: icy armour
A: small, low mp 1, mutation resistance 1
}: 3/15 runes: decaying, serpentine, abyssal
a: Heroism, Finesse, Renounce Religion


You were on level 1 of the Depths.
You worshipped Okawaru.
Okawaru was extremely pleased with you.
You were not hungry.

You visited 8 branches of the dungeon, and saw 37 of its levels.
You visited the Abyss 1 time.
You also visited: Bailey and Ice Cave.

You collected 3761 gold pieces.
You spent 2271 gold pieces at shops.

Inventory:

Hand Weapons
 a - the +4 hunting sling "Transmigrator" {speed, rF- Dex+6}
   (Okawaru gifted it to you on level 14 of the Dungeon)

   Attacks with this weapon are significantly faster.
   It affects your dexterity (+6).
   It makes you vulnerable to fire.
 b - a +5 scimitar of flaming (weapon)
 k - a +1 demon blade of flaming
 p - a +0 fustibalus of venom
Missiles
 c - 230 sling bullets
 F - 134 stones (quivered)
 H - 4 throwing nets {!f}
Armour
 t - a +2 cloak of preservation
 B - the +1 cloak of Starlight (worn) {rElec rC+ EV+4 Stlth--}
   (You acquired it on level 14 of the Dungeon)

   It affects your evasion (+4).
   It protects you from cold.
   It insulates you from electricity.
   It makes you much less stealthy.
 E - the +1 helmet of the Pit (worn) {Int+2}
   (Okawaru gifted it to you on level 4 of the Swamp)

   It affects your intelligence (+2).
 L - a +3 leather armour of magic resistance (worn)
 Q - a +3 buckler of protection (worn)
 T - a +2 pair of boots (worn)
 X - a +2 pair of gloves of archery (worn)
 Z - a scarf of resistance
Jewellery
 m - a +4 ring of protection (left hand)
 n - an uncursed ring of poison resistance
 q - an uncursed ring of positive energy
 s - an uncursed ring of see invisible
 A - an uncursed amulet of the acrobat
 K - an amulet of guardian spirit (around neck)
 R - a ring of protection from fire (right hand)
Wands
 e - a wand of polymorph (41)
 l - a wand of flame (41)
 r - a wand of paralysis (19)
 u - a wand of disintegration (36)
 J - a wand of iceblast (25)
 O - a wand of digging (5)
 W - a wand of acid (23)
Scrolls
 h - 6 scrolls of blinking
 i - 3 scrolls of fog
 o - 6 scrolls of amnesia
 y - 5 scrolls of fear
 z - 2 scrolls of magic mapping
 I - 17 scrolls of identify
 M - a scroll of enchant armour
 N - 7 scrolls of remove curse
 P - 2 scrolls of teleportation
 Y - 3 scrolls of holy word
Potions
 f - 10 potions of curing
 g - 2 potions of invisibility
 j - 6 potions of brilliance
 v - 2 potions of mutation
 w - 4 potions of heal wounds
 x - 6 potions of flight
 C - 2 potions of resistance
 D - 2 potions of ambrosia
 G - 8 potions of berserk rage
 S - 5 potions of might
 U - 4 potions of haste
Miscellaneous
 V - a tin of tremorstones (3/3)
Comestibles
 d - 50 rations


   Skills:
 - Level 15.0 Fighting
 - Level 14.0 Long Blades
 - Level 12.0 Slings
 - Level 5.0 Armour
 - Level 15.0 Dodging
 - Level 12.0 Stealth
 - Level 4.2 Shields
 - Level 10.0 Spellcasting
 + Level 17.0 Charms
 + Level 17.0 Invocations
 - Level 12.0 Evocations


You had 29 spell levels left.
You knew the following spells:

 Your Spells              Type           Power        Failure   Level
a - Infusion              Chrm           ####         0%          1
b - Song of Slaying       Chrm           ######..     0%          2
c - Shroud of Golubria    Chrm/Tloc      #####.       1%          2
d - Ozocubu's Armour      Chrm/Ice       #####...     1%          3
e - Spectral Weapon       Hex/Chrm       #####...     1%          3
f - Summon Butterflies    Summ           #.......     12%         1
g - Swiftness             Chrm/Air       #####...     1%          2

Your spell library contained the following spells:

 Spells                   Type           Power        Failure   Level
 Excruciating Wounds      Chrm/Necr      #####.....   10%         5
 Corona                   Hex            #......      12%         1
 Shock                    Conj/Air       #...         12%         1
 Corpse Rot               Necr/Air       N/A          19%         2
 Ensorcelled Hibernation  Hex/Ice        #.....       19%         2
 Sublimation of Blood     Necr           #.........   19%         2
 Call Canine Familiar     Summ           #.......     34%         3
 Confusing Touch          Hex            #.......     34%         3
 Dazzling Flash           Conj/Hex       #.....       34%         3
 Static Discharge         Conj/Air       #.......     34%         3
 Tukima's Dance           Hex            #.......     34%         3
 Airstrike                Air            #.........   75%         4
 Dispel Undead            Necr           #.......     75%         4
 Ice Form                 Ice/Tmut       #.......     75%         4
 Leda's Liquefaction      Hex/Erth       #.........   75%         4
 Summon Ice Beast         Ice/Summ       #.......     75%         4
 Summon Lightning Spire   Summ/Air       #.......     75%         4
 Agony                    Necr           #.......     97%         5
 Bolt of Magma            Conj/Fire/Erth #.........   97%         5
 Lightning Bolt           Conj/Air       #.........   97%         5
 Metabolic Englaciation   Hex/Ice        #.........   97%         5
 Silence                  Hex/Air        #.........   97%         5
 Summon Mana Viper        Hex/Summ       #.......     97%         5
 Conjure Ball Lightning   Conj/Air       #.........   100%        6
 Freezing Cloud           Conj/Ice/Air   #.........   100%        6
 Iron Shot                Conj/Erth      #.........   100%        6
 Ozocubu's Refrigeration  Ice            #.........   100%        6
 Simulacrum               Ice/Necr       #.........   100%        6
 Statue Form              Tmut/Erth      #........    100%        6
 Summon Hydra             Summ           #.........   100%        7
 Shatter                  Erth           #.........   100%        9
 Tornado                  Air            #.........   100%        9


Dungeon Overview and Level Annotations

Branches:
Dungeon (15/15)            Temple (1/1) D:5            Lair (6/6) D:8
  Swamp (4/4) Lair:3        Snake (4/4) Lair:4        Slime (0/5) Lair:5
    Orc (2/2) D:11            Elf (0/3) Orc:2        Vaults (4/5) D:13
  Crypt (0/3) Vaults:3     Depths (1/5) D:15         Bailey (visited)
  IceCv (visited)

Altars:
Ashenzari
Cheibriados
Dithmenos
Elyvilon
Fedhas
Gozag
Hepliaklqana
Kikubaaqudgha
Makhleb
Nemelex Xobeh
Okawaru
Qazlal
Ru
Sif Muna
Trog
Uskayaw
Vehumet
Wu Jian
Xom
Yredelemnul
Zin
The Shining One
Jiyva

Shops:
D:10 *   Orc:2 %:(*   Snake:2 }=}?   Vaults:2 *

Annotations:
D:9 fire dragon, 1 exclusion
D:15 Roxanne
Lair:3 3 runed translucent doors, exclusion: oklob plant, kal9871's ghost, adept MfWn
Swamp:2 3 runed translucent doors, Disku's ghost, adept FoFi
Swamp:3 exclusion: thorn hunter, Bai Suzhen
Snake:2 Aizul
Orc:2 1 runed translucent door
Vaults:1 3 runed translucent doors, Vileos's ghost, adept DsGl
Vaults:2 1 runed translucent door, Kuifeh's ghost, adept MiBe
Vaults:4 exclusion: ancient lich, Sojobo


Innate Abilities, Weirdness & Mutations

You are small and have problems with some larger weapons.
You are somewhat resistant to further mutation.
Your magical capacity is low. (-10% MP)


Message History

You kill the rakshasa!
The rakshasa closely misses you.
You riposte.
You hit the rakshasa but do no damage.
The rakshasa is severely wounded.
Unknown command.
You hit the rakshasa but do no damage.
The rakshasa is severely wounded.
The rakshasa completely misses you.
Unknown command.
You hit the rakshasa but do no damage.
The rakshasa is severely wounded.
You hit the rakshasa. You burn the rakshasa.
The rakshasa is severely wounded.
The rakshasa closely misses you. The rakshasa gestures at you.
The lance of force hits you!!
* * * LOW HITPOINT WARNING * * *
You are knocked back by the lance of force.
You slam into the rock wall!
You die...

##.#.######.#
...#.[..#...#
..###.##.#.###
.... #R##...#
... ##.######
.C #.R# ##.##
# #..# C. #@##
..D #[(# ....
##(# ..... #(#
......##(#
c........#
....)##.## ###
..# #.##


You could see 2 rakshasas.

Vanquished Creatures
  Saint Roka (Vaults:3)
  A tentacled monstrosity (Swamp:4)
  Asterion (Vaults:2)
  A lich (Vaults:1)
  Kirke (Swamp:3)
  A thorn hunter (Swamp:1)
  2 storm dragons
  A tengu reaver (Vaults:4)
  12 nagarajas
  An azure jelly (shapeshifter) (Vaults:1)
  An orc warlord (Orc:1)
  A deep elf sorcerer (Vaults:1)
  3 frost giants
  2 ghouls (Swamp:3)
  13 vault wardens
  A very ugly thing (Swamp:4)
  11 ironheart preservers
  A deep elf elementalist (Abyss:5)
  2 war gargoyles (Vaults:3)
  5 stone giants
  4 deep elf demonologists
  Nessos (D:15)
  A white draconian (IceCv)
  A spark wasp (Depths:1)
  6 ettins (Abyss:5)
  2 green deaths (Swamp:4)
  Snorg (D:13)
  14 ogre magi
  3 fire dragons
  12 yaktaur captains
  3 great orbs of eyes
  2 rakshasas
  Fannar (Lair:1)
  A merfolk avatar (Lair:6)
  22 hydras
  2 ice dragons
  23 vault guards
  17 naga warriors
  The ghost of adozu the Cleaver, a journeyman DsFi of Qazlal (Lair:2)
  Harold (D:7)
  A shambling mangrove (Swamp:3)
  2 ghost crabs
  Erica (D:10)
  33 two-headed ogres
  3 death yaks
  A deep troll shaman (Vaults:2)
  4 anacondas
  A death knight (Vaults:2)
  9 centaur warriors
  16 alligators
  A deep troll earth mage (Vaults:2)
  3 orc high priests
  3 hell hogs (Abyss:5)
  A spriggan berserker (Depths:1)
  A tengu warrior (Depths:1)
  10 thrashing horrors
  13 naga sharpshooters
  4 shock serpents
  6 deep elf knights
  2 wretched stars (Abyss:5)
  9 skeletal warriors
  2 shadow wraiths (Abyss:5)
  A spatial maelstrom (Abyss:5)
  A salamander mystic (Snake:2)
  2 spriggan druids (Swamp:4)
  A glowing orange brain (Vaults:3)
  4 flayed ghosts
  2 wizards (Vaults:2)
  A glowing orange brain (shapeshifter) (Vaults:3)
  5 deep trolls
  11 swamp dragons
  4 deep elf archers
  2 unseen horrors
  An unseen horror (shapeshifter) (Vaults:3)
  2 naga ritualists
  5 harpies
  11 orc knights
  14 ironbrand convokers
  A necromancer (Vaults:2)
  11 deep elf magi
  A mana viper (shapeshifter) (Vaults:4)
  Pikel (D:7)
  35 ugly things
  3 orc sorcerers (Orc:2)
  3 wolf spiders
  7 mana vipers
  A manticore (shapeshifter) (Vaults:1)
  A shining eye (Abyss:5)
  A tengu skeleton (Vaults:3)
  9 salamanders
  4 manticores
  3 human skeletons (Vaults:3)
  8 cyclopes
  9 elephants
  18 vault sentinels
  26 guardian serpents
  3 frost giant skeletons (Vaults:3)
  Maurice (Orc:2)
  27 black mambas
  An apocalypse crab (Abyss:5)
  An ice statue (IceCv)
  A rust devil (Abyss:5)
  2 stone giant skeletons (Vaults:3)
  24 naga magi
  3 orange demons (Swamp:4)
  2 torpor snails
  25 cane toads
  2 smoke demons (Abyss:5)
  Maggie (D:8)
  17 komodo dragons
  2 human zombies (Vaults:2)
  6 rime drakes
  3 freezing wraiths
  The ghost of gruber the Reanimator, a novice DsNe (D:5)
  51 yaktaurs
  An entropy weaver simulacrum (Vaults:1)
  A troll (shapeshifter) (Vaults:4)
  2 queen bees (shapeshifter)
  A silent spectre (Abyss:5)
  A wolf spider simulacrum (D:14)
  2 jumping spiders (shapeshifter)
  A yaktaur skeleton (Vaults:3)
  12 trolls
  2 ancient zymes (Abyss:5)
  13 hornets
  A tengu simulacrum (Vaults:3)
  17 polar bears
  2 wind drakes (Lair:6)
  9 tyrant leeches
  Grinder (D:6)
  11 bog bodies
  11 blink frogs
  2 raiju (shapeshifter)
  4 dream sheep
  21 slime creatures
  A raiju (Abyss:5)
  Prince Ribbit (D:5)
  A meliai zombie (D:15)
  11 hippogriffs
  A frost giant simulacrum (Vaults:1)
  2 ettin skeletons
  3 spriggans
  9 shadows
  8 hogs
  74 yaks
  2 humans
  A tarantella (shapeshifter) (D:14)
  4 wraiths
  6 wyverns
  5 basilisks
  Eustachio (D:4)
  A golden eye (shapeshifter) (Vaults:2)
  5 vampire mosquitoes (Swamp:3)
  A chaos spawn (Abyss:5)
  7 insubstantial wisps
  Menkaure (D:7)
  60 nagas
  4 wargs
  15 swamp worms
  A soldier ant (D:12)
  3 acid dragons
  20 water moccasins
  2 deep troll skeletons (Vaults:3)
  3 large abominations (Abyss:5)
  2 floating eyes
  9 porcupines
  41 orc warriors
  A sky beast (D:9)
  4 swamp drakes
  A black bear (shapeshifter) (Vaults:3)
  3 black bears
  4 ice beasts
  2 necrophages
  An eye of draining (shapeshifter) (Vaults:2)
  4 boggarts
  33 ogres
  2 eyes of draining (D:12)
  2 small abominations (Abyss:5)
  22 centaurs
  13 crocodiles
  23 wolves
  A big kobold (shapeshifter) (Abyss:5)
  An elf skeleton (Vaults:3)
  A lemure (D:7)
  2 wyvern zombies
  2 big kobolds
  The ghost of sanka the Stinger, an amateur SpVM of Uskayaw (D:3)
  15 bullfrogs
  A gnoll sergeant (D:11)
  A wyvern skeleton (D:10)
  2 jellies
  A water moccasin zombie (D:8)
  9 scorpions
  An elf simulacrum (Vaults:3)
  27 killer bees
  18 wights
  2 howler monkeys
  A crimson imp (D:6)
  4 centaur zombies
  A human simulacrum (Vaults:1)
  19 orc priests
  A wyvern simulacrum (D:14)
  2 bullfrog zombies
  2 bullfrog skeletons
  4 hounds
  3 centaur skeletons
  13 iguanas
  Natasha (thrice) (D:4)
  30 orc wizards
  8 worker ants
  A killer bee zombie (D:5)
  A howler monkey zombie (D:6)
  Robin (D:4)
  19 gnolls
  12 adders
  2 shadow imps (D:5)
  2 white imps
  2 ufetubi
  An ooze (shapeshifter) (D:15)
  2 adder skeletons
  An adder zombie (D:9)
  A worm (D:2)
  7 leopard geckos
  97 orcs
  A ball python (D:3)
  12 giant cockroaches
  32 goblins
  19 hobgoblins
  26 jackals
  16 kobolds
  2 quokkas
  4 bats
  4 frilled lizards
  A jackal zombie (D:5)
  A leopard gecko skeleton (D:7)
  A quokka skeleton (D:4)
  7 rats
  A fungus (Lair:5)
  4 plants
1679 creatures vanquished.

Vanquished Creatures (collateral kills)
  An ancient lich (Vaults:1)
  2 liches (Vaults:1)
  An ironbrand convoker (Vaults:1)
4 creatures vanquished.

Vanquished Creatures (others)
  A vault warden (Vaults:1)
  A naga warrior (Snake:3)
  A deep elf mage (D:13)
  A guardian serpent (Snake:4)
  2 ogres (Vaults:1)
  2 orc wizards (Orc:2)
  18 fungi
  42 plants
  50 spectral weapons
  3 starspawn tentacles (Abyss:5)
  24 withered plants (Swamp:3)
145 creatures vanquished.

Grand Total: 1828 creatures vanquished

Notes
Turn   | Place    | Note
-------+----------+-------------------------------------------
     0 | D:1      | tilp the Halfling Skald began the quest for the Orb.
     0 | D:1      | Reached XP level 1. HP: 14/14 MP: 3/3
    34 | D:1      | Reached XP level 2. HP: 16/19 MP: 0/4
   812 | D:1      | Reached XP level 3. HP: 24/24 MP: 3/6
  1134 | D:2      | Learned a level 2 spell: Song of Slaying
  1137 | D:2      | Learned a level 2 spell: Shroud of Golubria
  1186 | D:2      | Reached skill level 1 in Stealth
  1269 | D:2      | Found a basalt altar of Yredelemnul.
  1373 | D:2      | Reached XP level 4. HP: 28/29 MP: 7/7
  1712 | D:2      | Found an opulent altar of Gozag.
  1874 | D:3      | Noticed an ogre
  1969 | D:3      | Noticed sanka's ghost (amateur SpVM)
  1970 | D:3      | Found a runed translucent gate.
  2001 | D:3      | Reached XP level 5. HP: 31/34 MP: 8/8
  2043 | D:3      | Found a runed translucent gate.
  2053 | D:3      | Found a runed translucent gate.
  2135 | D:3      | Found a shattered altar of Ashenzari.
  2487 | D:3      | Reached skill level 1 in Slings
  2868 | D:3      | Learned a level 3 spell: Ozocubu's Armour
  2941 | D:4      | Found a blossoming altar of Fedhas.
  2968 | D:4      | Noticed Natasha
  2974 | D:4      | Killed Natasha
  3026 | D:4      | Noticed Eustachio
  3042 | D:4      | Reached XP level 6. HP: 39/39 MP: 6/9
  3070 | D:4      | Killed Eustachio
  3070 | D:4      | Reached skill level 5 in Slings
  3070 | D:4      | Reached XP level 7. HP: 31/45 MP: 10/10
  3353 | D:4      | Noticed Robin
  3360 | D:4      | Killed Robin
  3451 | D:4      | Noticed Natasha
  3461 | D:4      | Killed Natasha
  3500 | D:4      | Noticed Natasha
  3701 | D:4      | Killed Natasha
  4075 | D:4      | Found a stormy altar of Qazlal.
  4076 | D:4      | Noticed an air elemental
  4077 | D:4      | Found a white marble altar of Elyvilon.
  4102 | D:4      | Noticed a water elemental
  4103 | D:4      | Noticed a fire elemental
  4248 | D:5      | Entered Level 5 of the Dungeon
  4263 | D:5      | Found a runed translucent gate.
  4263 | D:5      | Found a runed translucent gate.
  4263 | D:5      | Found a runed translucent gate.
  4278 | D:5      | Found a staircase to the Ecumenical Temple.
  4397 | Temple   | Entered the Ecumenical Temple
  4897 | D:5      | Reached XP level 8. HP: 44/50 MP: 11/11
  4947 | D:5      | Noticed Prince Ribbit
  4966 | D:5      | Killed Prince Ribbit
  5223 | D:5      | Reached skill level 5 in Stealth
  5584 | D:5      | Noticed gruber's ghost (novice DsNe)
  5628 | D:6      | Reached skill level 5 in Dodging
  5848 | D:6      | Found a snail-covered altar of Cheibriados.
  6145 | D:6      | Reached XP level 9. HP: 41/58 MP: 9/12
  6210 | D:6      | Found an iron altar of Okawaru.
  6239 | D:6      | Became a worshipper of Warmaster Okawaru
  6303 | D:6      | Found a hazy altar of Hepliaklqana.
  6328 | D:6      | Noticed Grinder
  6614 | D:6      | Learned a level 3 spell: Spectral Weapon
  6631 | D:6      | Found a shimmering altar of Xom.
  6634 | D:6      | Found a burning altar of Makhleb.
  7516 | D:7      | Reached * piety under Okawaru
  7516 | D:7      | Reached skill level 10 in Slings
  7819 | D:7      | Noticed Pikel
  7846 | D:7      | Killed Pikel
  8014 | D:7      | Reached XP level 10. HP: 41/62 MP: 13/13
  8015 | D:7      | Noticed Menkaure
  8050 | D:7      | Reached ** piety under Okawaru
  8056 | D:7      | Reached skill level 1 in Evocations
  8152 | D:7      | Noticed Harold
  8299 | D:7      | Killed Harold
  8368 | D:7      | Reached skill level 5 in Fighting
  8385 | D:7      | Reached *** piety under Okawaru
  8420 | D:7      | Killed Menkaure
  8798 | D:7      | Received a gift from Okawaru
  9315 | D:7      | Reached skill level 1 in Shields
  9490 | D:7      | Got a transparent battleaxe
  9544 | D:8      | Reached XP level 11. HP: 68/72 MP: 11/14
  9618 | D:8      | Reached **** piety under Okawaru
  9618 | D:8      | Reached skill level 1 in Invocations
  9743 | D:8      | Noticed Maggie
  9776 | D:8      | Killed Maggie
  9776 | D:8      | Reached skill level 5 in Evocations
  9981 | D:8      | Found a staircase to the Lair.
 10069 | D:8      | Found a glowing silver altar of Zin.
 10273 | D:8      | Found an ornate altar of the Wu Jian Council.
 11455 | D:9      | Noticed a cyclops
 11479 | D:9      | Killed a cyclops
 11550 | D:9      | Noticed a fire dragon
 11602 | D:8      | Reached skill level 5 in Invocations
 11832 | D:9      | Paralysed by a hornet for 2 turns
 12059 | D:9      | Reached ***** piety under Okawaru
 12187 | D:10     | Entered Level 10 of the Dungeon
 12293 | D:10     | Found Awaqui's Island Escapes.
 12803 | D:10     | Reached skill level 5 in Charms
 12834 | D:10     | Noticed Erica
 13205 | D:10     | Bought a scroll of blinking for 105 gold pieces
 13205 | D:10     | Bought a scroll of fog for 28 gold pieces
 13390 | D:11     | Found a staircase to the Orcish Mines.
 13431 | D:11     | Noticed a cyclops
 13477 | D:11     | Killed a cyclops
 13726 | D:11     | Received a gift from Okawaru
 13869 | D:11     | Reached XP level 12. HP: 68/79 MP: 17/17
 14359 | D:11     | Noticed a two-headed ogre
 14385 | D:11     | Killed a two-headed ogre
 14960 | D:11     | Found a snail-covered altar of Cheibriados.
 15196 | Lair:1   | Entered Level 1 of the Lair of Beasts
 16021 | Lair:1   | Noticed a four-headed hydra
 16422 | Lair:1   | Noticed a seven-headed hydra
 16557 | Lair:1   | HP: 3/80 [seven-headed hydra (6)]
 16560 | Lair:1   | Killed a seven-headed hydra
 16560 | Lair:1   | Reached ****** piety under Okawaru
 16560 | Lair:1   | Received a gift from Okawaru
 16684 | Lair:1   | Killed a four-headed hydra
 16983 | Lair:1   | Noticed Fannar
 17026 | Lair:1   | Killed Fannar
 17026 | Lair:1   | Received a gift from Okawaru
 17026 | Lair:1   | Reached XP level 13. HP: 72/85 MP: 17/19
 17485 | Lair:1   | Received a gift from Okawaru
 18082 | Lair:2   | Noticed a seven-headed hydra
 18121 | Lair:2   | Found a frozen archway.
 18132 | IceCv    | Entered an ice cave
 18310 | IceCv    | Received a gift from Okawaru
 19104 | IceCv    | Reached skill level 10 in Stealth
 19771 | IceCv    | Noticed a white draconian
 19802 | IceCv    | Reached skill level 10 in Dodging
 19885 | IceCv    | Killed a white draconian
 20263 | Lair:2   | Killed a seven-headed hydra
 20336 | Lair:2   | Noticed adozu's ghost (journeyman DsFi)
 20337 | Lair:2   | Found a runed translucent gate.
 20338 | Lair:2   | Found a runed translucent gate.
 20339 | Lair:2   | Found a runed translucent gate.
 20888 | Lair:2   | Received a gift from Okawaru
 20888 | Lair:2   | Reached XP level 14. HP: 93/95 MP: 19/21
 22365 | Lair:3   | Reached skill level 10 in Invocations
 22720 | Lair:3   | Received a gift from Okawaru
 22900 | Lair:3   | Received a gift from Okawaru
 23010 | Lair:3   | Found a staircase to the Swamp.
 23203 | Lair:3   | Found a runed translucent gate.
 23203 | Lair:3   | Found a runed translucent gate.
 23203 | Lair:3   | Found a runed translucent gate.
 23204 | Lair:3   | Noticed kal9871's ghost (adept MfWn)
 23564 | D:3      | Killed sanka's ghost
 23677 | D:5      | Killed gruber's ghost
 23814 | D:6      | Paralysed by Grinder for 5 turns
 23821 | D:6      | Killed Grinder
 24028 | D:10     | Killed Erica
 24066 | D:10     | Learned a level 1 spell: Summon Butterflies
 24212 | Lair:4   | Received a gift from Okawaru
 24230 | Lair:4   | Got a steaming lajatang {god gift}
 24287 | Lair:4   | Got an iridescent dagger
 24296 | Lair:4   | Identified the +5 dagger "Badd" {vorpal, Int+4 SInv} (You
                  | found it on level 4 of the Lair of Beasts)
 24297 | Lair:4   | Identified the +7 lajatang of Levity {pain, rF++ rN+ MR-
                  | MP+9} (Okawaru gifted it to you on level 4 of the Lair of
                  | Beasts)
 24581 | Lair:4   | Reached skill level 10 in Fighting
 25114 | Lair:4   | Found a staircase to the Snake Pit.
 26557 | Lair:5   | Received a gift from Okawaru
 26895 | Lair:5   | Found a viscous altar of Jiyva.
 26895 | Lair:5   | Found a staircase to the Slime Pits.
 27015 | Lair:5   | Reached XP level 15. HP: 98/103 MP: 18/22
 27121 | Lair:5   | Reached skill level 5 in Spellcasting
 27376 | Lair:6   | Entered Level 6 of the Lair of Beasts
 27560 | Lair:6   | Identified the +10 falchion "Acwuemuw" {vorpal, rPois
                  | Dex+4} (You found it on level 6 of the Lair of Beasts)
 27727 | Lair:6   | Reached skill level 5 in Long Blades
 28227 | Lair:6   | Reached skill level 10 in Charms
 29092 | Lair:6   | Received a gift from Okawaru
 29750 | Orc:1    | Entered Level 1 of the Orcish Mines
 30127 | Orc:1    | Noticed an orc warlord
 30696 | Orc:1    | Killed an orc warlord
 30696 | Orc:1    | Received a gift from Okawaru
 30970 | Orc:2    | Entered Level 2 of the Orcish Mines
 30983 | Orc:2    | Found a runed translucent door.
 31219 | Orc:2    | Found a staircase to the Elven Halls.
 31749 | Orc:2    | Noticed Maurice
 31756 | Orc:2    | Killed Maurice
 31756 | Orc:2    | Received a gift from Okawaru
 32472 | Orc:2    | Received a gift from Okawaru
 32589 | Orc:2    | Reached XP level 16. HP: 99/109 MP: 21/25
 33006 | Orc:2    | Found Fuuppu's Weapon Shop.
 33006 | Orc:2    | Found Pueg Ket's Assorted Antiques.
 33010 | Orc:2    | Found Hokiceumn's Book Shoppe.
 33010 | Orc:2    | Found Gedaahob's Food Shop.
 33017 | Orc:2    | Bought a pair of distressingly furry gloves for 218 gold
                  | pieces
 33017 | Orc:2    | Identified the cursed +0 pair of gloves "Wugrueb" {Harm
                  | rPois Regen+} (You bought it in a shop on level 2 of the
                  | Orcish Mines)
 34464 | D:13     | Noticed Snorg
 34480 | D:13     | Killed Snorg
 34667 | D:13     | Found a gate to the Vaults.
 34688 | D:13     | Reached skill level 10 in Long Blades
 35069 | D:13     | Identified the +3 leather armour of Sadotyfe {Str+3} (You
                  | found it on level 13 of the Dungeon)
 35196 | D:14     | Found a flagged portal.
 35205 | Bailey   | Entered a bailey
 35452 | Bailey   | Received a gift from Okawaru
 36195 | Bailey   | Identified the +7 glaive of the Gloaming {venom, Int+4
                  | Dex+5}
 36353 | D:14     | Identified a scroll of acquirement
 36355 | D:14     | Acquired the +1 cloak of Starlight {rElec rC+ EV+4 Stlth--}
 36356 | D:14     | Found the +1 cloak of Starlight {rElec rC+ EV+4 Stlth--}
 36367 | D:14     | Reached XP level 17. HP: 115/115 MP: 26/26
 36993 | D:14     | Received a gift from Okawaru
 37001 | D:14     | Got a pitted hunting sling {god gift}
 37002 | D:14     | Identified the +4 hunting sling "Transmigrator" {speed, rF-
                  | Dex+6} (Okawaru gifted it to you on level 14 of the
                  | Dungeon)
 37897 | Lair:2   | Killed adozu's ghost
 38043 | Snake:1  | Entered Level 1 of the Snake Pit
 39362 | Snake:2  | Received a gift from Okawaru
 39948 | Snake:2  | Found Sebytaes's Jewellery Boutique.
 39949 | Snake:2  | Found Yteimuq's Gadget Emporium.
 39949 | Snake:2  | Found Qotieqoe's Gadget Emporium.
 39982 | Snake:2  | Noticed Aizul
 40032 | Snake:2  | Reached XP level 18. HP: 98/120 MP: 20/27
 40421 | Snake:2  | Found Elofo's Magic Scroll Shoppe.
 40428 | Snake:2  | Bought a scroll of enchant armour for 127 gold pieces
 40428 | Snake:2  | Bought a scroll of magic mapping for 59 gold pieces
 43834 | Snake:3  | Received a gift from Okawaru
 44650 | Snake:3  | Received a gift from Okawaru
 44691 | Snake:4  | Entered Level 4 of the Snake Pit
 45389 | Snake:3  | Received a gift from Okawaru
 46114 | Snake:4  | Received a gift from Okawaru
 47519 | Snake:4  | Reached XP level 19. HP: 115/128 MP: 28/28
 49355 | Snake:4  | Reached skill level 10 in Evocations
 49873 | Snake:4  | Got a serpentine rune of Zot
 50989 | Swamp:1  | Entered Level 1 of the Swamp
 50999 | Lair:3   | Received a gift from Okawaru
 51880 | Swamp:1  | Learned a level 2 spell: Swiftness
 53538 | Swamp:2  | Found a runed translucent gate.
 53539 | Swamp:2  | Noticed Disku's ghost (adept FoFi)
 53568 | Swamp:2  | Found a runed translucent gate.
 53569 | Swamp:2  | Found a runed translucent gate.
 53587 | Swamp:2  | Reached skill level 15 in Dodging
 54037 | Swamp:3  | Received a gift from Okawaru
 54514 | Swamp:3  | Noticed Bai Suzhen
 54894 | Swamp:3  | Reached XP level 20. HP: 20/137 MP: 12/31
 55562 | Swamp:3  | Noticed Kirke
 55993 | Swamp:3  | Killed Kirke
 56152 | Swamp:4  | Entered Level 4 of the Swamp
 57640 | Snake:2  | Bought a phantom mirror for 480 gold pieces
 57892 | Swamp:4  | Paralysed by a hornet for 3 turns
 58148 | Swamp:4  | Noticed a tentacled monstrosity
 58174 | Swamp:4  | Killed a tentacled monstrosity
 58497 | Swamp:4  | Received a gift from Okawaru
 58815 | Swamp:4  | Identified the +1 helmet of the Pit {Int+2} (Okawaru gifted
                  | it to you on level 4 of the Swamp)
 59151 | Swamp:4  | Got a decaying rune of Zot
 59618 | Vaults:1 | Entered Level 1 of the Vaults
 62041 | Vaults:1 | Received a gift from Okawaru
 62121 | Vaults:1 | Reached skill level 10 in Spellcasting
 62121 | Vaults:1 | Reached XP level 21. HP: 143/143 MP: 33/35
 62458 | Vaults:1 | Received a gift from Okawaru
 63246 | Vaults:1 | Found a runed translucent gate.
 63246 | Vaults:1 | Found an ancient bone altar of Kikubaaqudgha.
 63246 | Vaults:1 | Noticed a lich
 63246 | Vaults:1 | Noticed an ancient lich
 63246 | Vaults:1 | Noticed Vileos's ghost (adept DsGl)
 63247 | Vaults:1 | Found a runed translucent gate.
 63247 | Vaults:1 | Found a runed translucent gate.
 63300 | Vaults:1 | Received a gift from Okawaru
 63300 | Vaults:1 | Reached skill level 15 in Charms
 63346 | Vaults:1 | Paralysed by a lich for 6 turns
 64628 | Vaults:2 | Reached skill level 5 in Armour
 65883 | Vaults:2 | Received a gift from Okawaru
 66635 | Vaults:2 | Received a gift from Okawaru
 67502 | Vaults:1 | Cast into level 5 of the Abyss (an ancient lich)
 67502 | Abyss:5  | Entered Level 5 of the Abyss
 67600 | Abyss:5  | Found a corrupted altar of Lugonu.
 67638 | Abyss:5  | Reached XP level 22. HP: 24/148 MP: 18/36
 67706 | Abyss:5  | Noticed a bone dragon
 67809 | Abyss:5  | Noticed a bone dragon
 68064 | Abyss:5  | Gained mutation: Your magical capacity is low. (-10% MP) [a
                  | shining eye]
 68243 | Abyss:5  | Paralysed by you for 4 turns
 68252 | Abyss:5  | Paralysed by you for 7 turns
 68319 | Abyss:5  | Got an abyssal rune of Zot
 68386 | Abyss:5  | Noticed an ancient lich
 68390 | Abyss:5  | Received a gift from Okawaru
 68390 | Abyss:5  | Reached skill level 15 in Invocations
 68540 | Vaults:1 | Escaped the Abyss
 68753 | D:15     | Entered Level 15 of the Dungeon
 68819 | D:15     | Received a gift from Okawaru
 69187 | D:15     | Noticed Nessos
 69196 | D:15     | Killed Nessos
 69196 | D:15     | Found a shadowy altar of Dithmenos.
 69408 | D:15     | Identified Roxanne's Compendium of Transmutation
 69408 | D:15     | Noticed Roxanne
 70101 | D:15     | Found a staircase to the Depths.
 70428 | Vaults:1 | Killed an ancient lich
 71337 | Vaults:2 | Received a gift from Okawaru
 71359 | Vaults:2 | Noticed Asterion
 71431 | Vaults:2 | Killed Asterion
 71466 | Vaults:2 | Identified the +6 chain mail of Skepticism {Regen+}
                  | (Okawaru gifted it to you on level 2 of the Vaults)
 71813 | Vaults:2 | Found a runed translucent door.
 71814 | Vaults:2 | Noticed Kuifeh's ghost (adept MiBe)
 72853 | Vaults:2 | Found Fuwkem's Assorted Antiques.
 72860 | Vaults:2 | Bought 2 potions of ambrosia for 528 gold pieces
 72860 | Vaults:2 | Bought a scroll of teleportation for 99 gold pieces
 72860 | Vaults:2 | Bought a scroll labeled JOJATT ATENU for 33 gold pieces
 72860 | Vaults:2 | Bought a wand of acid (6) for 264 gold pieces
 72860 | Vaults:2 | Bought a potion of heal wounds for 165 gold pieces
 72860 | Vaults:2 | Bought a potion of heal wounds for 165 gold pieces
 73479 | Vaults:3 | Noticed Saint Roka
 73727 | Vaults:3 | Reached XP level 23. HP: 156/162 MP: 33/33
 73834 | Vaults:3 | Killed Saint Roka
 73834 | Vaults:3 | Reached skill level 15 in Fighting
 74952 | Vaults:3 | Received a gift from Okawaru
 75048 | Vaults:3 | Identified the +7 hunting sling "Uskatoc" {venom, MR+}
                  | (Okawaru gifted it to you on level 3 of the Vaults)
 76563 | Vaults:3 | Found a staircase to the Crypt.
 77030 | Vaults:4 | Received a gift from Okawaru
 77152 | Vaults:4 | Received a gift from Okawaru
 77780 | Vaults:4 | Received a gift from Okawaru
 77995 | Vaults:4 | Noticed an ancient lich
 78022 | Vaults:4 | Noticed Sojobo
 78582 | Depths:1 | Entered Level 1 of the Depths
 79110 | Depths:1 | Reached XP level 24. HP: 40/169 MP: 13/33
 79111 | Depths:1 | Identified the +7 hand axe "Qomoop" {freeze, Dex+5 SInv
                  | Stlth-}
 79145 | Depths:1 | Collided with a rock wall

Illustrated notes

Levels and vault maps discovered:
D:1:      lightli_arrival_quake, layout_loops_ring,
          hangedman_decor_diamond_cutter
D:2:      minmay_roachtagon, layout_rooms, lemuel_doored_altar,
          yredelemnul_altar_generic
D:3:      layout_basic, ashenzari_conservatory_becter, gammafunk_ghost_split
D:4:      layout_basic, nicolae_qazlal_style_of_elements, elyvilon_altar_4,
          fedhas_ov_isle_minmay, kennysheep_generic_room_2, uniq_natasha,
          uniq_robin, uniq_eustachio
D:5:      layout_layer_cave, minmay_temple_entry_statues_pillars, first_ration,
          ebering_ghost_rock_garden, uniq_prince_ribbit1
D:6:      layout_basic, grunt_temple_overflow_champion_of_chaos,
          cheibriados_altar_1, nicolae_overflow_crystal_walls,
          okawaru_metal_pillars_1_2, uniq_grinder
D:7:      layout_loops_corners, grunt_livestock, uniq_pikel, uniq_menkaure,
          uniq_harold
D:8:      layout_gridville, lemuel_coloured_pillars_altar, lemuel_round_altar,
          dpeg_oklobed_lair, grunt_ministairs_5, uniq_maggie
D:9:      dragon1_lemuel, layout_irregular_city
D:10:     layout_long_grid, nicolae_island_escapes, uniq_erica
D:11:     layout_long_grid, orc_0_dummy, basic_altar
D:12:     layout_cave_pools
D:13:     layout_roguey, erik_vaults_2, uniq_snorg
D:14:     layout_loops_corners, dk_noncrumbling_4, enter_bailey_8
D:15:     grunt_enter_depths_snipers, layout_basic,
          grunt_dithmenos_smoke_and_mirrors, uniq_roxanne, uniq_nessos
Temple:   jpeg_temple_alley_garden
Lair:1:   beast_lair_carwin_large_4, layout_cave_pods, uniq_fannar
Lair:2:   layout_regular_city, portal_ice_cave_entry_pillars_2,
          ebering_ghost_rock_garden, beast_lair_carwin_2, grunt_megastairs_4
Lair:3:   layout_hall_layers, palyth_hydra_swamp_entry,
          gammafunk_ghost_necromancy, grunt_megastairs_1,
          minmay_lair_oklob_chamber, infiniplex_staircase_pool_2,
          lemuel_fruit_tree
Lair:4:   layout_long_grid, minmay_snake_entry_guardpost_large, st_stairs_11,
          nzn_random_ring
Lair:5:   layout_misc_corridors, dpeg_slime_entry_enclosed_altar, st_stairs_9
Lair:6:   gammafunk_lair_ancient_temple, layout_loops_ring
Swamp:1:  layout_falls_marsh, hangedman_swamp_ruin_hall
Swamp:2:  layout_basic_swamp, gammafunk_ghost_hydra_chop,
          evilmike_swamp_ruin_rubble_2
Swamp:3:  layout_falls_marsh, hangedman_swamp_lotus, swamp_pool3,
          st_shrine_of_shade, uniq_bai_suzhen, uniq_kirke
Swamp:4:  swamp_vile, layout_basic_swamp
Snake:1:  layout_onion_interference
Snake:2:  layout_layer_cave, serial_shops, shop, minmay_shop_grove,
          serial_bayou_shore_b, serial_bayou_shore_b, uniq_aizul
Snake:3:  layout_gridlike
Snake:4:  snake_hunt, layout_misc_corridors, st_stairs_8
Orc:1:    layout_caves
Orc:2:    grunt_orc_tribal_feast, layout_caves, lightli_church_of_beogh,
          uniq_maurice
Vaults:1: gammafunk_vaults_ghost_crypt, nicolae_vaults_sealed_display,
          ontoclasm_vaults_ring_large, vaults_standard_mumra_lines,
          ontoclasm_vaults_eye, grunt_vaults_swirl, v_misc_33,
          ontoclasm_vaults_decontamination, vaults_room_glass_cross,
          vaults_dpeg_ring, layout_vaults_omnigrid
Vaults:2: ebering_vaults_ghost_inner_flame, hangedman_vaults_corner, v_rooms_1,
          hangedman_vaults_stitches, nicolae_vaults_three_branches,
          hangedman_vaults_stream, v_alt_pattern_2,
          nicolae_vaults_little_squares_3, v_misc_13,
          vaults_room_stairs_pillars, nicolae_vaults_holding_cells,
          vaults_room_door_ring, layout_vaults_ring, serial_shops,
          nicolae_shop_crystal, uniq_asterion
Vaults:3: minmay_crypt_entry_skeletal_spiral, vaults_room_fours,
          nicolae_vaults_asterisk, vaults_mumra_hex, nicolae_vaults_theta,
          v_misc_32, hangedman_vaults_maws, grunt_vaults_funnel,
          layout_vaults_big_room, uniq_saint_roka
Vaults:4: v_misc_13, nicolae_vaults_alarming, vaults_room_fours, v_misc_14,
          nicolae_vaults_twisting_passages, vaults_room_grid,
          nicolae_vaults_murderbox, vaults_room_pool,
          nicolae_vaults_border_crossing, ontoclasm_vaults_gateway,
          vaults_room_large_hall, serial_ice_h, layout_vaults_big_cross,
          uniq_sojobo, uniq_jory, uniq_xtahua
Depths:1: minmay_heptahexagon, layout_basic, enter_ziggurat_d,
          grunt_hell_entry_demonic_statue,
          nicolae_abyss_entry_one_way_or_another, minmay_misc_feat_hallway,
          nrook_kobold_shadow_demons

Skill      XL: |  1  2  3  4  5  6  7  8  9 10 11 12 13 14 15 16 17 18 19 20 21 22 23 |
---------------+----------------------------------------------------------------------+-----
Spellcasting   | 2 3 4 6 7 10 | 10.0
Charms         | 4 6 8 9 12 14 15 17 | 17.0
Fighting       | 2 4 6 8 10 11 12 14 15 | 15.0
Stealth        | 1 2 3 4 6 8 9 10 11 12 | 12.0
Dodging        | 3 4 5 6 8 10 12 13 15 | 15.0
Slings         | 2 5 8 11 12 | 12.0
Evocations     | 4 6 7 8 9 10 12 | 12.0
Shields        | 1 4 |  4.2
Invocations    | 6 7 9 10 11 12 13 15 17 | 17.0
Long Blades    | 4 8 12 14 | 14.0
Armour         | 5 |  5.0

Action                   |  1- 3 |  4- 6 |  7- 9 | 10-12 | 13-15 | 16-18 | 19-21 | 22-24 || total
-------------------------+-------+-------+-------+-------+-------+-------+-------+-------++-------
Melee: Falchion          |    41 |       |       |       |       |       |       |       ||    41
       Spear             |       |       |     9 |       |       |       |       |       ||     9
       Trident           |       |       |     7 |   208 |       |       |       |       ||   215
       Long sword        |       |       |       |     4 |     8 |       |       |       ||    12
       Scimitar          |       |       |       |       |   715 |   809 |  1145 |  1517 ||  4186
       Hunting sling     |       |       |       |       |     1 |       |       |       ||     1
 Fire: Hunting sling     |    39 |   148 |   458 |  1321 |  2213 |  1734 |  2635 |   781 ||  9329
Throw: Stone             |       |       |       |     3 |     5 |     1 |     2 |       ||    11
 Cast: Infusion          |    11 |       |       |     1 |       |       |       |       ||    12
       Song of Slaying   |       |     2 |     8 |    10 |    26 |    14 |       |       ||    60
       Ozocubu's Armour  |       |       |     1 |    16 |    91 |    64 |    25 |    18 ||   215
       Shroud of Golubri |       |       |     2 |     3 |    16 |    18 |     1 |     2 ||    42
       Spectral Weapon   |       |       |       |     7 |    38 |    37 |    22 |    15 ||   119
       Swiftness         |       |       |       |       |       |       |     4 |       ||     4
       Summon Butterflie |       |       |       |       |       |       |     2 |     1 ||     3
Invok: Heroism           |       |       |       |     2 |    11 |     4 |    19 |     7 ||    43
       Finesse           |       |       |       |       |     1 |       |     2 |     2 ||     5
Evoke: Wand              |       |       |       |    20 |    12 |     8 |     9 |    13 ||    62
       Phantom mirror    |       |       |       |       |       |       |     1 |       ||     1
  Use: Scroll            |     2 |     5 |     8 |    18 |     8 |    13 |    16 |    12 ||    82
       Potion            |       |       |       |     5 |     2 |     2 |    12 |     8 ||    29
 Stab: Sleeping          |       |       |     1 |       |     5 |     8 |     1 |    11 ||    26
       Paralysed         |       |       |       |     9 |     4 |       |       |    16 ||    29
       Distracted        |       |       |       |       |     6 |     6 |     4 |     5 ||    21
  Eat: Ration            |     1 |     1 |     5 |     7 |    13 |    12 |    17 |     9 ||    65
Armor: Leather armour    |    11 |    10 |    31 |    30 |    21 |   173 |   245 |   173 ||   694
       Steam dragon scal |       |       |       |   178 |   453 |       |       |       ||   631
Dodge: Dodged            |    40 |    60 |   210 |   771 |  1976 |   908 |  1487 |  1220 ||  6672
Block: Buckler           |       |       |       |    88 |   665 |   480 |   681 |   580 ||  2494
       Rpst.: Falchion   |     5 |       |       |       |       |       |       |       ||     5
       Long sword        |       |       |       |     1 |     2 |       |       |       ||     3
       Scimitar          |       |       |       |       |   193 |   123 |   184 |   245 ||   745

Table legend:
 A = Non-vault XP
 B = Vault XP
 C = Vault XP percentage of total XP
 D = Non-vault monster count
 E = Vault monster count
 F = Vault count percentage of total count
                 A         B        C        D         E       F
            +---------+---------+-------+---------+---------+-------
      Total |  381750 |  269339 |  41.4 |    1110 |     572 |  34.0
            +---------+---------+-------+---------+---------+-------
        D:1 |      32 |       0 |   0.0 |      18 |       0 |   0.0
        D:2 |      56 |      18 |  24.3 |      17 |       9 |  34.6
        D:3 |     124 |     229 |  64.9 |      23 |       6 |  20.7
        D:4 |     308 |     274 |  47.1 |      12 |      14 |  53.8
        D:5 |     343 |     616 |  64.2 |      19 |       2 |   9.5
        D:6 |     852 |     322 |  27.4 |      20 |       2 |   9.1
        D:7 |    2589 |    2760 |  51.6 |      54 |       8 |  12.9
        D:8 |    3372 |     887 |  20.8 |      33 |       9 |  21.4
        D:9 |    1644 |       0 |   0.0 |      21 |       0 |   0.0
       D:10 |    2017 |     929 |  31.5 |      33 |       1 |   2.9
       D:11 |    6947 |       0 |   0.0 |      55 |       0 |   0.0
       D:12 |    2770 |       0 |   0.0 |      16 |       0 |   0.0
       D:13 |    9096 |   15151 |  62.5 |      40 |      18 |  31.0
       D:14 |    5499 |       0 |   0.0 |      24 |       0 |   0.0
       D:15 |   12531 |    3750 |  23.0 |      29 |       4 |  12.1
     Lair:1 |    3846 |    4191 |  52.1 |      17 |      15 |  46.9
     Lair:2 |    2848 |    3705 |  56.5 |      16 |       7 |  30.4
     Lair:3 |    5666 |    3550 |  38.5 |      19 |      10 |  34.5
     Lair:4 |    5428 |    4261 |  44.0 |      16 |      18 |  52.9
     Lair:5 |    7383 |     202 |   2.7 |      29 |       1 |   3.3
     Lair:6 |    9254 |   10379 |  52.9 |      31 |      28 |  47.5
    Swamp:1 |   11435 |       0 |   0.0 |      22 |       0 |   0.0
    Swamp:2 |   11156 |       0 |   0.0 |      22 |       0 |   0.0
    Swamp:3 |   12727 |    8714 |  40.6 |      31 |      19 |  38.0
    Swamp:4 |   14242 |   20176 |  58.6 |      33 |      29 |  46.8
    Snake:1 |    9835 |       0 |   0.0 |      24 |       0 |   0.0
    Snake:2 |   13536 |       0 |   0.0 |      29 |       0 |   0.0
    Snake:3 |   27925 |    4141 |  12.9 |      62 |       7 |  10.1
    Snake:4 |   18780 |   37103 |  66.4 |      32 |      47 |  59.5
      Orc:1 |    3689 |    2407 |  39.5 |      18 |       6 |  25.0
      Orc:2 |    1976 |    5886 |  74.9 |      31 |      23 |  42.6
   Vaults:1 |   30087 |   30776 |  50.6 |      44 |      35 |  44.3
   Vaults:2 |   63630 |   37692 |  37.2 |     104 |      52 |  33.3
   Vaults:3 |   47676 |   25192 |  34.6 |      70 |      47 |  40.2
   Vaults:4 |   13493 |   10654 |  44.1 |      15 |      12 |  44.4
   Depths:1 |    3175 |    8977 |  73.9 |       5 |       9 |  64.3
    Abyss:5 |   15783 |   10857 |  40.8 |      26 |      16 |  38.1
     Bailey |       0 |    2603 | 100.0 |       0 |      66 | 100.0
      IceCv |       0 |   12937 | 100.0 |       0 |      52 | 100.0
            +---------+---------+-------+---------+---------+-------
